 Dungeon Crawl Stone Soup version 0.30-a0-121-gb27577e5d9 (webtiles) character file.

Game seed: 7457279984032526724

5761 purpskrrrp the Cleaver (level 10, -4/79 HPs)
             Began as a Demonspawn Fighter on Sept 15, 2022.
             Slain by an ogre
             ... wielding a +0 giant club
              (16 damage)
             ... on level 2 of the Orcish Mines.
             The game lasted 00:21:45 (9136 turns).

purpskrrrp the Cleaver (Demonspawn Fighter)         Turns: 9136, Time: 00:21:46

Health: -4/79      AC: 22    Str: 24 (25) XL:     10   Next: 49%
Magic:  10/10      EV: 13    Int:  9      God:
Gold:   258        SH: 16    Dex: 16 (17) Spells: 9/9 levels left

rFire   . . .      SeeInvis .    B - +5 broad axe (chaos)
rCold   + . .      Faith    .    M - +2 kite shield {rC+}
rNeg    . . .      Spirit   .    E - +2 chain mail {Will+}
rPois   .          Reflect  .    (helmet restricted)
rElec   .          Harm     .    d - +0 cloak
rCorr   .          Rampage  .    N - +0 pair of gloves
Will    ++...                    s - +2 pair of boots
Stlth   ..........               (no amulet)
HPRegen 0.23/turn                h - +4 ring of evasion
MPRegen 0.24/turn                w - +6 ring of strength

@: no status effects
A: horns 1, slimy green scales 2, magic regeneration, condensation shield, agile
1, deterioration 1, strong-willed 1, shaggy fur 1
a: no special abilities


You were on level 2 of the Orcish Mines.
You visited 2 branches of the dungeon, and saw 11 of its levels.
You also visited: Sewer.

You collected 598 gold pieces.
You spent 340 gold pieces at shops.

Inventory:

Hand Weapons
 a - a +1 vampiric war axe
 r - a +5 vorpal battleaxe
 B - a +5 broad axe of chaos (weapon)
Missiles
 u - 3 throwing nets (quivered)
Armour
 b - a +0 scale mail
 c - a +0 buckler
 d - a +0 cloak (worn)
 s - a +2 pair of boots (worn)
 E - a +2 chain mail of willpower (worn)
 M - a +2 kite shield of cold resistance (worn)
 N - a +0 pair of gloves (worn)
Jewellery
 h - a +4 ring of evasion (left hand)
 j - a +4 ring of protection
 w - a +6 ring of strength (right hand)
 F - a ring of wizardry
Wands
 v - a wand of digging (5)
 J - a wand of polymorph (2)
 K - a wand of mindburst (5)
Scrolls
 y - 2 scrolls of vulnerability
 z - 4 scrolls of teleportation
 I - a scroll of amnesia
 L - a scroll of butterflies
Potions
 e - 2 potions of magic
 f - 2 potions of cancellation
 g - a potion of invisibility {unknown}
 i - 4 potions of haste
 k - 2 potions of mutation
 l - 4 potions of degeneration
 m - a potion of resistance
 n - 2 potions of brilliance {unknown}
 o - 4 potions of curing {unknown}
 p - 3 potions of attraction
 q - a potion of lignification {unknown}
 t - 2 potions of might
 x - a potion of heal wounds {unknown}
 A - a potion of berserk rage {unknown}
 D - a potion of ambrosia {unknown}


   Skills:
 + Level 7.2 Fighting
 * Level 8.7 Axes
 + Level 6.5 Armour
 + Level 5.6 Dodging
 + Level 6.4 Shields


You had 9 spell levels left.
You didn't know any spells.
Your spell library contained the following spells:

 Spells                   Type           Power      Damage    Failure   Level
 Apportation              Tloc           0%         N/A       100%        1
 Beastly Appendage        Tmut           0%         N/A       100%        1
 Necrotise                Necr           0%         1d4       100%        1
 Summon Small Mammal      Summ           0%         N/A       100%        1
 Blink                    Tloc           0%         N/A       100%        2
 Ensorcelled Hibernation  Hex/Ice        0%         N/A       100%        2
 Passwall                 Tmut/Erth      0%         N/A       100%        2
 Wereblood                Tmut           0%         N/A       100%        2
 Call Canine Familiar     Summ           0%         N/A       100%        3
 Portal Projectile        Hex/Tloc       0%         N/A       100%        3
 Spider Form              Tmut/Pois      0%         N/A       100%        3
 Summon Guardian Golem    Hex/Summ       0%         N/A       100%        3
 Swiftness                Air            0%         N/A       100%        3
 Leda's Liquefaction      Hex/Erth       0%         N/A       100%        4
 Manifold Assault         Tloc           0%         N/A       100%        4
 Storm Form               Tmut/Air       0%         N/A       100%        7


Dungeon Overview and Level Annotations

Branches:
Dungeon (9/15)             Temple (0/1) D:6             Orc (2/2) D:9
  Sewer (visited)
   Lair: D:8-11         Elf: Orc:2

Altars:
Cheibriados
Dithmenos
Kikubaaqudgha

Shops:
D:3 *   D:4 [   D:5 !!:[

Annotations:
Orc:1 Erolcha, Maurice


Innate Abilities, Weirdness & Mutations

You have a pair of small horns on your head.
You are mostly covered in slimy green scales. (AC +3)
You regenerate magic rapidly.
A meltable shield of frost defends you. (SH +4)
You are agile. (Dex +4, Str/Int -1)
Your body sometimes deteriorates upon taking damage.
You are strong-willed. (Will+)
You are covered in fur. (AC +1)


Message History

The orc priest hits you but does no damage.
You block the orc priest's attack.
The orc warrior hits you with a +0 dire flail!
* * * LOW HITPOINT WARNING * * *
The orc priest looks braver for a moment.
The orc warrior attacks as you move away!
You block the orc warrior's attack.
The orc priest hits you but does no damage.
The orc warrior misses you.
There is a stone staircase leading up here.
Your icy envelope is restored.
The orc priest hits you with a +0 flail.
* * * LOW HITPOINT WARNING * * *
The orc warrior barely misses you. You block the orc priest's attack.
You climb upwards.
Maurice shouts!
The ogre shouts!
The orc shouts!
The orc wizard shouts! x2
You hear a shout!
Maurice gestures wildly while chanting.
Maurice blinks!
Erolcha the Cunning comes into view.
She is wielding a +0 giant club.
The orc wizard mumbles some strange words.
The orc wizard flickers and vanishes!
Deactivating autopickup; reactivate with Ctrl-A.
An ogre comes into view. It is wielding a +0 giant club.
You hear a shout!
Found 70 gold pieces.
There is a stone staircase leading down here.
Erolcha shouts!
The ogre shouts!
The orc priest barely misses you. You block the ogre's attack.
The orc priest barely misses you.
The orc warrior hits you but does no damage.
You climb downwards.
Reactivating autopickup.
You block the orc wizard's attack.
There is a stone staircase leading up here.
The orc warrior attacks as you move away!
The orc warrior hits you with a +0 dire flail.
* * * LOW HITPOINT WARNING * * *
You block the orc priest's attack. The ogre hits you with a +0 giant club!
You die...

.... ..# ##......##
...### .....#...#
......
#....#..####.....#
.#................#
..................
#........o...#
#.....@O..##
###.)..ooo...#.
##...)[o.........#
#.....$$......#...
##....)[#.........
#....o##.#.......
#.......####....###
........# .....#
#........ ......


You could see 2 orc warriors, an ogre, 2 orc priests and 2 orc wizards.

Vanquished Creatures
  Grinder (D:6)
  Prince Ribbit (D:6)
  7 yaks (D:9)
  A wyvern (D:9)
  Menkaure (D:7)
  A water moccasin (D:6)
  2 ice beasts
  8 orc warriors
  A sky beast (D:7)
  A black bear (D:8)
  Pargi (Sewer)
  2 ogres
  2 centaurs
  A kobold brigand (D:9)
  A bullfrog (D:8)
  A gnoll sergeant (D:8)
  3 scorpions
  A necrophage (D:7)
  10 wights
  3 killer bees (D:8)
  2 electric eels (D:6)
  3 howler monkeys
  2 hounds
  10 orc priests
  A jelly (D:7)
  Crazy Yiuf (D:2)
  2 gnoll boudas
  2 iguanas
  8 orc wizards
  19 gnolls
  12 adders
  A shadow imp (D:7)
  A white imp (D:7)
  An ufetubus (D:4)
  2 worms
  2 dart slugs
  41 orcs
  10 ball pythons
  12 endoplasms
  7 giant cockroaches
  10 goblins
  5 hobgoblins
  8 jackals
  8 quokkas
  7 bats
  7 frilled lizards
  13 kobolds
  5 rats
251 creatures vanquished.

Vanquished Creatures (others)
  6 fungi (D:2)
  8 plants
14 creatures vanquished.

Grand Total: 265 creatures vanquished

Notes
Turn   | Place    | Note
-------+----------+-------------------------------------------
     0 | D:1      | purpskrrrp the Demonspawn Fighter began the quest for the
                  | Orb.
     0 | D:1      | Reached XP level 1. HP: 18/18 MP: 1/1
   100 | D:1      | Reached skill level 2 in Axes
   106 | D:1      | Gained mutation: You have a pair of small horns on your
                  | head. [demonic ancestry]
   106 | D:1      | Reached XP level 2. HP: 21/24 MP: 2/2
   499 | D:1      | Reached XP level 3. HP: 29/29 MP: 3/3
   902 | D:2      | Reached skill level 1 in Dodging
  1102 | D:2      | Gained mutation: You are partially covered in slimy green
                  | scales. (AC +2) [demonic ancestry]
  1102 | D:2      | Reached XP level 4. HP: 35/35 MP: 4/4
  1205 | D:2      | Found a runed translucent door.
  1206 | D:2      | Noticed Crazy Yiuf
  1301 | D:2      | Found a faded altar of an unknown god.
  1790 | D:2      | Killed Crazy Yiuf
  1791 | D:2      | Reached skill level 3 in Axes
  2144 | D:3      | Found a shadowy altar of Dithmenos.
  2275 | D:3      | Reached XP level 5. HP: 41/41 MP: 5/5
  2459 | D:3      | Found Penyt's Assorted Antiques.
  2788 | D:4      | Found Fontoak's Antique Armour Shoppe.
  2883 | D:4      | Reached XP level 6. HP: 48/48 MP: 6/6
  3214 | D:4      | Reached skill level 4 in Axes
  3313 | D:5      | Entered Level 5 of the Dungeon
  3431 | D:5      | Found Tusch's Distillery.
  3444 | D:5      | Found Zouroro's Book Shop.
  3445 | D:5      | Found Ukky's Antique Armour Shop.
  3448 | D:5      | Found Alucoane's Distillery.
  3474 | D:5      | Found a snail-covered altar of Cheibriados.
  3521 | D:5      | Found a glowing drain.
  3549 | D:5      | Gained mutation: You are mostly covered in slimy green
                  | scales. (AC +3) [demonic ancestry]
  3549 | D:5      | Reached XP level 7. HP: 54/54 MP: 7/7
  3556 | Sewer    | Entered a sewer
  3627 | Sewer    | Noticed Pargi
  3639 | Sewer    | Killed Pargi
  3820 | D:5      | Gained mutation: Your body sometimes deteriorates upon
                  | taking damage. [potion of mutation]
  3820 | D:5      | Gained mutation: You do not regenerate when monsters are
                  | visible. [potion of mutation]
  3821 | D:5      | Lost mutation: You do not regenerate when monsters are
                  | visible. [potion of mutation]
  3821 | D:5      | Lost mutation: Your body sometimes deteriorates upon taking
                  | damage. [potion of mutation]
  3821 | D:5      | Gained mutation: Your body sometimes deteriorates upon
                  | taking damage. [potion of mutation]
  3821 | D:5      | Gained mutation: You are covered in fur. (AC +1) [potion of
                  | mutation]
  3821 | D:5      | Gained mutation: You have hidden genetic potential. [potion
                  | of mutation]
  4297 | D:6      | Reached skill level 5 in Axes
  4557 | D:6      | Noticed Grinder
  4561 | D:6      | Paralysed by Grinder for 3 turns
  4581 | D:6      | Killed Grinder
  4582 | D:6      | Reached skill level 5 in Fighting
  4582 | D:6      | Reached XP level 8. HP: 45/62 MP: 8/8
  4587 | D:6      | Gained mutation: You are strong-willed. (Will+) [hidden
                  | potential]
  4694 | D:6      | Found a staircase to the Ecumenical Temple.
  4696 | D:6      | Noticed Prince Ribbit
  4733 | D:6      | Killed Prince Ribbit
  4901 | D:6      | HP: 1/62 [electric eel/bolt of electricity (3)]
  5260 | D:6      | Reached skill level 6 in Axes
  6132 | D:7      | Reached skill level 5 in Armour
  6364 | D:7      | Reached skill level 5 in Shields
  6377 | D:7      | Identified a scroll of acquirement
  6378 | D:7      | Acquired a +2 vorpal broad axe
  6458 | D:7      | Gained mutation: A meltable shield of frost defends you.
                  | (SH +4) [demonic ancestry]
  6458 | D:7      | Reached XP level 9. HP: 67/68 MP: 9/9
  6525 | D:7      | Noticed Menkaure
  6534 | D:7      | Killed Menkaure
  6548 | D:7      | Gained mutation: You are agile. (Dex +4, Str/Int -1)
                  | [hidden potential]
  6548 | D:7      | Lost mutation: You have hidden genetic potential. [hidden
                  | potential expressed]
  6787 | D:8      | Reached skill level 7 in Axes
  7516 | D:9      | Reached skill level 5 in Dodging
  7525 | D:9      | Reached skill level 8 in Axes
  7697 | D:9      | Gained mutation: You regenerate magic rapidly. [demonic
                  | ancestry]
  7697 | D:9      | Reached XP level 10. HP: 67/77 MP: 10/10
  7836 | D:9      | Found an ancient bone altar of Kikubaaqudgha.
  8610 | D:9      | Found a staircase to the Orcish Mines.
  8766 | D:5      | Bought a glowing kite shield for 210 gold pieces
  8806 | D:4      | Bought a pair of gloves for 130 gold pieces
  8956 | Orc:1    | Entered Level 1 of the Orcish Mines
  9099 | Orc:2    | Entered Level 2 of the Orcish Mines
  9133 | Orc:1    | Noticed Maurice
  9133 | Orc:1    | Noticed Erolcha
  9136 | Orc:2    | Slain by an ogre

Illustrated notes

Levels and vault maps discovered:
D:1:      lightli_arrival_quake, layout_basic
D:2:      minmay_skewed_foursquare, layout_loops_ring,
          dreamdust_ecumenical_altar_grove, minmay_cut_off,
          uniq_crazy_yiuf_cottage
D:3:      layout_basic, nicolae_dithmenos_the_darkroom, serial_shops,
          shop_fountains
D:4:      minmay_diamond_boxcup, layout_basic, serial_shops, shop,
          skrybe_limestone_x, st_stairs_7
D:5:      layout_loops_ring, lemuel_coloured_pillars_altar,
          mainiacjoe_overflow_concentric_impassable, gup_sewer_entry_glass,
          minmay_shop_grid_forest
D:6:      layout_basic, temple_pool_b, st_stairs_11, serial_bayou_lake_a,
          uniq_grinder, uniq_prince_ribbit1
D:7:      layout_basic, uniq_menkaure
D:8:      layout_cave_pools
D:9:      layout_loops_ring, nicolae_kikubaaqudgha_miasma_corner, david_orc_4
Orc:1:    layout_caves, serial_shops, nicolae_lakefront_shop, uniq_maurice,
          uniq_harold, uniq_erolcha
Orc:2:    grunt_orc_cross, layout_diamond_mine

Skill      XL: |  1  2  3  4  5  6  7  8  9 10 |
---------------+-------------------------------+-----
Axes           | 2 3 4 5 6 8 |  8.7
Dodging        | 1 2 3 4 5 |  5.6
Shields        | 3 4 5 6 |  6.4
Armour         | 3 4 5 6 |  6.5
Fighting       | 4 5 6 7 |  7.2

Action                   |  1- 3 |  4- 6 |  7- 9 | 10-12 || total
-------------------------+-------+-------+-------+-------++-------
Melee: War axe           |    98 |   156 |   174 |       ||   428
       Headbutt          |    13 |    23 |    55 |    22 ||   113
       Broad axe         |       |       |   121 |    92 ||   213
  Use: Scroll            |       |     8 |    13 |     3 ||    24
       Potion            |       |     3 |     3 |       ||     6
Armor: Scale mail        |    44 |    66 |   119 |       ||   229
       Chain mail        |       |       |    36 |    58 ||    94
Dodge: Dodged            |    76 |   107 |   274 |    49 ||   506
Block: Buckler           |    22 |    31 |   119 |    39 ||   211
       Kite shield       |       |       |       |    23 ||    23

Table legend: (Time is in decaauts)
 A = Elapsed time spent in this place.
 B = Non-inter-level travel time spent in this place.
 C = Inter-level travel time spent in this place.
 D = Time resting spent in this place.
 E = Time spent auto-exploring this place.
 F = Levels seen in this place.
 G = Mean time per level.
                   A        B        C        D        E       F      G
               +--------+--------+--------+--------+--------+-----+--------+
         Total |   9363 |   8715 |    648 |    527 |   6509 |  12 |  780.2 |
       Dungeon |   8964 |   8316 |    648 |    527 |   6307 |   9 |  996.0 |
  Orcish Mines |    186 |    186 |      0 |      0 |     95 |   2 |   93.0 |
         Sewer |    211 |    211 |      0 |      0 |    106 |   1 |  211.0 |
               +--------+--------+--------+--------+--------+-----+--------+

Top non-repeatable levels by time:
     D:6: 1422 daAuts
     D:9: 1358 daAuts
     D:7: 1052 daAuts
     D:2: 1004 daAuts
     D:5: 1004 daAuts
     D:1: 871 daAuts
     D:3: 831 daAuts
     D:4: 756 daAuts
     D:8: 661 daAuts
   Sewer: 211 daAuts
   Orc:1: 144 daAuts
   Orc:2: 42 daAuts
